Map: Galactic Process LE

Players

micDElero - Winner!

  • Race: Protoss Protoss
  • League: Platinum

A.I. 2 (Very Easy)

  • Race: Terran Terran

VOD

Have the link to the VOD?

Description

Time

  • Played on: Oct. 16, 2016, 4:07 p.m.
  • Length: 7:15
Show
View Real Time Build Order
Export as new Build Order

micDElero Protoss - Winner!

Build Orders: 1 Gate Expand 

Get SALT Encoding   

  12  0:00  Probe (Chrono Boost)  
  13  0:11  Probe (Chrono Boost)  
  14  0:17  Pylon  
  14  0:22  Probe (Chrono Boost)  
  15  0:35  Probe (Chrono Boost)  
  16  0:38  Gateway  
  16  0:46  Probe (Chrono Boost)  
  16  0:48  Assimilator  
  17  0:56  Probe (Chrono Boost)  
  18  1:07  Probe (Chrono Boost)  
  19  1:24  Nexus  
  19  1:27  Probe (Chrono Boost)  
  20  1:36  Cybernetics Core  
  20  1:40  Probe (Chrono Boost)  
  21  1:48  Pylon  
  21  1:52  Probe (Chrono Boost)  
  22  1:57  Assimilator  
  22  2:03  Probe (Chrono Boost)  
  23  2:10  Adept  
  23  2:11  Warp Gate  
  25  2:19  Mothership Core (Chrono Boost)  
  27  2:27  Pylon  
  28  2:37  Probe (Chrono Boost)  
  28  2:39  Probe (Chrono Boost)  
  29  2:47  Probe (Chrono Boost)  
  29  2:50  Robotics Facility  
  31  2:51  Probe (Chrono Boost)  
  31  2:58  Probe (Chrono Boost)  
  32  3:03  Probe (Chrono Boost)  
  32  3:04  Adept  
  35  3:08  Probe (Chrono Boost)  
  36  3:15  Probe (Chrono Boost)  
  37  3:21  Probe (Chrono Boost)  
  37  3:26  Pylon  
  39  3:28  Probe (Chrono Boost), Forge  
  39  3:32  Probe (Chrono Boost)  
  40  3:38  Observer  
  41  3:43  Gateway  
  41  3:44  Gateway  
  43  3:48  Probe (Chrono Boost)  
  43  3:50  Probe (Chrono Boost)  
  43  3:51  Protoss Ground Weapons Level 1  
  43  3:58  Gateway  
  43  3:59  Probe (Chrono Boost)  
  43  4:02  Gateway, Probe (Chrono Boost)  
  45  4:15  Immortal  
  49  4:27  Adept  
  51  4:41  Pylon  
  51  4:46  Gateway x2  
  51  4:49  Gateway  
  51  4:54  Immortal, Adept x2  
  59  5:04  Adept x3  
  65  5:09  Pylon  
  65  5:12  Pylon  
  65  5:16  Adept x2  
  69  5:30  Warp Prism  
  69  5:31  Pylon  
  69  5:35  Adept x3  
  77  6:05  Assimilator  
  77  6:07  Assimilator  
  77  6:14  Immortal  
  77  6:16  Pylon  
  81  6:31  Stalker  
  81  6:32  Stalker x5  
  97  7:03  Pylon  
Show
View Real Time Build Order
Export as new Build Order

A.I. 2 (Very Easy) Terran 

Build Orders:  

Get SALT Encoding   

  12  0:00  SCV  
  13  0:13  SCV  
  14  0:18  Supply Depot  
  14  0:38  Refinery  
  14  0:44  Barracks  
  14  1:06  Supply Depot  
  14  1:14  Refinery  
  14  1:31  SCV  
  14  1:32  Marine  
  16  1:44  SCV  
  17  1:56  SCV  
  18  2:05  Marine  
  18  2:08  SCV  
  20  2:20  SCV  
  21  2:32  SCV  
  22  2:39  Marine  
  23  2:45  Orbital Command  
  23  5:53  SCV  
  23  5:54  Supply Depot, Marine  
  23  5:56  Factory  
  21  6:05  SCV  
  22  6:17  SCV  
  19  6:26  Barracks Tech Lab  
  19  6:29  SCV  
  17  6:41  SCV  
  17  6:42  Supply Depot  
  17  6:44  Marine  
Tags
 
Add a new tag
Caveats
  • Supply blocks, unpowered buildings, or Contaminate may cause inaccurate times.
  • Supply counts are checked every 10 seconds.